 Dungeon Sprint DCSS version 0.31-a0-986-g5e6e4ef867 (webtiles) character file.

Game seed: 1542033129315314323

15 rocky1 the Cudgeller (level 2, -6/31 HPs)
             Began as an Ogre Gladiator on Nov 6, 2023.
             Was an Initiate of Okawaru.
             Mangled by a mummy (14 damage)
             ... in the Dungeon (Sprint VII: "The Pits").
             The game lasted 00:00:54 (197 turns).

rocky1 the Cudgeller (Ogre Gladiator)                Turns: 197, Time: 00:00:55

Health: -6/31      AC:  3    Str: 17    XL:     2   Next: 50%
Magic:  3/3        EV: 10    Int:  9    God:    Okawaru [......]
Gold:   0          SH:  0    Dex: 10    Spells: 1/1 levels left

rFire   . . .        a - +0 flail
rCold   . . .        (no shield)
rNeg    . . .        b - +0 robe
rPois   .            c - +0 hat
rElec   .            (no cloak)
rCorr   .            (gloves unavailable)
SInv    .            (boots unavailable)
Will    .....        (no amulet)
Stlth   +            (no ring)
HPRegen 0.25/turn    (no ring)
MPRegen 0.08/turn

%: no teleportation
@: no status effects
A: large, unfitting armour, tough skin 1
a: Renounce Religion


You were in the Dungeon.
You worshipped Okawaru.
Okawaru was noncommittal.
You visited 1 branch

Inventory:

Hand Weapons
 a - a +0 flail (weapon)
Missiles
 d - 2 throwing nets
Armour
 b - a +0 robe (worn)
 c - a +0 hat (worn)
Scrolls
 k - a scroll of blinking
 m - 2 scrolls of vulnerability
 n - 5 scrolls of amnesia
 o - a scroll of summoning
Potions
 f - a potion of curing
 g - a potion of heal wounds
 h - a potion of haste
 i - 4 potions of magic
 j - 3 potions of berserk rage
 l - 2 potions of invisibility


   Skills:
 + Level 3.2 Fighting
 + Level 3.5 Maces & Flails
 + Level 2.4 Throwing
 + Level 3.4 Dodging
 - Level 1.1 Stealth
 * Level 1.9 Invocations


You had one spell level left.
You didn't know any spells.
Your spell library was empty.

Dungeon Overview and Level Annotations

Branches:
Dungeon (1/1)

Altars:
Ashenzari
Cheibriados
Dithmenos
Elyvilon
Fedhas
Gozag
Hepliaklqana
Kikubaaqudgha
Makhleb
Nemelex Xobeh
Okawaru
Qazlal
Ru
Sif Muna
Trog
Uskayaw
Vehumet
Wu Jian
Xom
Yredelemnul
Zin
The Shining One
Jiyva
Lugonu


Innate Abilities, Weirdness & Mutations

You are too large for most types of armour.
You have tough skin. (AC +1)


Message History

You barely miss the quokka zombie. The quokka zombie closely misses you.
The quokka zombie completely misses you.
You thump the quokka zombie!
The quokka zombie is almost destroyed.
The quokka zombie closely misses you.
You closely miss the quokka zombie.
The quokka zombie is almost destroyed.
The quokka zombie closely misses you.
You closely miss the quokka zombie.
The quokka zombie is almost destroyed.
The quokka zombie bites you but does no damage.
You thump the quokka zombie!
You destroy the quokka zombie!
Okawaru accepts your kill.
A ball python and a mummy come into view.
There is an open door here.
There are monsters nearby!
The helpless ball python fails to defend itself.
You sock the ball python!
You kill the ball python!
Okawaru accepts your kill. The mummy barely misses you.
You barely miss the mummy. You completely miss the mummy. The mummy hits you!
You barely miss the mummy. The mummy closely misses you.
You hit the mummy.
The mummy is lightly damaged.
The mummy hits you!
Ouch! That really hurt!
* * * LOW HITPOINT WARNING * * *
You are too injured to fight recklessly!
You are too injured to fight recklessly!
Throw: large rock
Press: ? - help, Q - select action, (/) - cycle Shift-Dir - straight line, f - mummy
Aim: a mummy (lightly damaged, 71% to hit)
You throw a large rock.
The large rock hits the mummy but does no damage.
The mummy is lightly damaged.
The mummy hits you!
You die...

#..(.')))'.##......#..#
##########.##..........
#...........'..........
#+#####†#####......#..#
#...#.# #..........
#...#.# ####'#####+
#...'.# #.......#
##'#### #.......#
#...@.# #.......#
#....M# #...<...#
#........ #.......#
#........##.......#
###########.......#
#########


You could see a mummy.

Vanquished Creatures
  An adder (D)
  An endoplasm (D)
  A quokka (D)
  A ball python (D)
  A ball python skeleton (D)
  A ball python zombie (D)
  A bat (D)
  A quokka zombie (D)
8 creatures vanquished.

Notes
Turn   | Place    | Note
-------+----------+-------------------------------------------
     0 | D        | rocky1 the Ogre Gladiator began the quest for the Orb.
     0 | D        | Reached XP level 1. HP: 22/22 MP: 1/1
    19 | D        | Reached skill level 1 in Stealth
    45 | D        | Found a bloodstained altar of Trog.
    45 | D        | Found a shimmering blue altar of Sif Muna.
    45 | D        | Found a viscous altar of Jiyva.
    45 | D        | Found a hazy altar of Hepliaklqana.
    45 | D        | Found an opulent altar of Gozag.
    46 | D        | Found a glowing golden altar of the Shining One.
    46 | D        | Found a glowing silver altar of Zin.
    46 | D        | Found a basalt altar of Yredelemnul.
    46 | D        | Found a shimmering altar of Xom.
    46 | D        | Found an ornate altar of the Wu Jian Council.
    46 | D        | Found a sacrificial altar of Ru.
    46 | D        | Found a stormy altar of Qazlal.
    46 | D        | Found an iron altar of Okawaru.
    46 | D        | Found a sparkling altar of Nemelex Xobeh.
    46 | D        | Found a burning altar of Makhleb.
    46 | D        | Found a blossoming altar of Fedhas.
    46 | D        | Found a white marble altar of Elyvilon.
    46 | D        | Found a shadowy altar of Dithmenos.
    46 | D        | Found a snail-covered altar of Cheibriados.
    49 | D        | Found a corrupted altar of Lugonu.
    49 | D        | Found a radiant altar of Vehumet.
    50 | D        | Found an ancient bone altar of Kikubaaqudgha.
    50 | D        | Found a hide-covered altar of Uskayaw.
    50 | D        | Found a broken altar of Ashenzari.
    60 | D        | Became a worshipper of Warmaster Okawaru
    78 | D        | Reached skill level 1 in Invocations
    78 | D        | Reached XP level 2. HP: 19/31 MP: 1/3
   197 | D        | Mangled by a mummy

Illustrated notes

Levels and vault maps discovered:
D:        pitsprint [storerooms_1, entrance_room_1, metal_vault_2, armoury_1,
          mini_pit_1, grid_room_1, main_hall_1, silver_pit, the_coven_1,
          the_vestibule_1, steel_vault_5, golden_pit, hallway_of_sentries,
          crystal_vault_1, iron_vault_5, final_vault]

Skill      XL: |  1 |
---------------+----+-----
Stealth        | 1 |  1.1
Fighting       | 3 |  3.2
Maces & Flails | 3 |  3.5
Dodging        | 3 |  3.4
Invocations    | 1 |  1.9
Throwing       | |  2.4

Action                     || total
---------------------------++-------
  Melee: Flail             ||    35
  Throw: Throwing net      ||     3
         Large rock        ||     2
   Stab: Sleeping          ||     1
 Armour: Robe              ||    22
  Dodge: Dodged            ||    23

Table legend: (Time is in decaauts)
 A = Elapsed time spent in this place.
 B = Non-inter-level travel time spent in this place.
 C = Inter-level travel time spent in this place.
 D = Time resting spent in this place.
 E = Time spent auto-exploring this place.
 F = Levels seen in this place.
 G = Mean time per level.
                   A        B        C        D        E       F      G
               +--------+--------+--------+--------+--------+-----+--------+
         Total |    206 |    206 |      0 |     70 |      0 |   1 |  206.0 |
       Dungeon |    206 |    206 |      0 |     70 |      0 |   1 |  206.0 |
               +--------+--------+--------+--------+--------+-----+--------+

Top non-repeatable levels by time:
       D: 206 daAuts
